 Dungeon Crawl Stone Soup version 0.21.1-1-g345015f (webtiles) character file.

16199 Krilegs the Protected (level 12, -8/97 HPs)
             Began as a Gnoll Wanderer on May 6, 2018.
             Blown up by an eye of devastation (19 damage)
             ... with a bolt of energy
             ... on level 13 of the Dungeon.
             The game lasted 01:17:46 (10933 turns).

Krilegs the Protected (Gnoll Wanderer)             Turns: 10933, Time: 01:17:47

Health: -8/97      AC: 11    Str: 15    XL:     12   Next: 35%
Magic:  0/22       EV: 15    Int: 18    God:    Xom [*.....]
Gold:   558        SH: 11    Dex: 17    Spells: 19/25 levels left

rFire    . . .     SeeInvis .   i - +6 short sword (elec)
rCold    . . .     Gourm    .   a - +0 shield
rNeg     . . .     Faith    .   C - +1 leather armour of the Stag {Slay+3}
rPois    +         Spirit   +   o - +0 helmet
rElec    .         Reflect  .   E - +0 cloak
rCorr    .         Harm     .   z - +0 pair of fencer's gloves {+Riposte Dex+3}
MR       .....                  w - +0 pair of boots
Stlth    ++++......             l - amulet of guardian spirit
HPRegen  0.66/turn              r - ring of wizardry
MPRegen  0.18/turn              f - +2 ring of intelligence

@: lethally poisoned (-8 -> -9)
A: distributed training, fangs 1, clumsy 2, deterioration 1, poison resistance,
regeneration 1, no potion heal 1, strong nose
a: Renounce Religion


You were on level 13 of the Dungeon.
You worshipped Xom.
You were a special plaything of Xom.
You were near starving.

You visited 1 branch of the dungeon, and saw 13 of its levels.

You collected 558 gold pieces.

Inventory:

Hand Weapons
 b - a +1 hand crossbow
 g - a +0 falchion of holy wrath
 i - a +6 short sword of electrocution (weapon)
 s - a +1 whip of flaming
 t - the +4 long sword of Extremism {vamp, *Slow rPois rF- MR+++}
   (You found it on level 4 of the Dungeon)

   It inflicts no extra harm, but heals its wielder when it wounds a living foe.
   It makes you vulnerable to fire.
   It protects you from poison.
   It affects your resistance to hostile enchantments.
   It may slow you when you take damage.
 B - a +4 quarterstaff of crushing
Missiles
 c - 27 bolts
 e - 71 poisoned needles
 n - a throwing net (quivered)
Armour
 a - a +0 shield (worn)
 o - a +0 helmet (worn)
 w - a +0 pair of boots (worn)
 z - the +0 pair of fencer's gloves (worn) {+Riposte Dex+3}
   (You found it on level 8 of the Dungeon)

   It affects your dexterity (+3).
 A - +0 acid dragon scales
 C - the +1 leather armour of the Stag (worn) {Slay+3}
   (You found it on level 7 of the Dungeon)

   It affects your accuracy and damage with ranged weapons and melee attacks
   (+3).
 E - a +0 cloak (worn)
Magical Staves
 v - an uncursed staff of power {unknown}
Jewellery
 f - a +2 ring of intelligence (right hand)
 h - an uncursed amulet of rage
 l - an amulet of guardian spirit (around neck)
 r - a ring of wizardry (left hand)
Wands
 m - a wand of flame (25)
 D - a wand of polymorph (14)
 K - a wand of enslavement (20)
 N - a wand of paralysis (13)
Scrolls
 j - 3 scrolls of teleportation
 u - 2 scrolls of identify
 x - 2 scrolls of remove curse
 y - a scroll of amnesia
 L - a scroll of brand weapon {unknown}
Potions
 q - 2 potions of degeneration
Books
 k - a book of Maledictions

   Spells                             Type                      Level
   a - Corona                         Hexes                        1
   b - Ensorcelled Hibernation        Hexes/Ice                    2
   c - Confuse                        Hexes                        3
   d - Tukima's Dance                 Hexes                        3
   e - Dazzling Spray                 Conjuration/Hexes            3
 G - a book of Necromancy

   Spells                             Type                      Level
   a - Pain                           Necromancy                   1
   b - Animate Skeleton               Necromancy                   1
   c - Vampiric Draining              Necromancy                   3
   d - Regeneration                   Charms/Necromancy            3
   e - Animate Dead                   Necromancy                   4
   f - Borgnjor's Vile Clutch         Necromancy/Earth             5
Miscellaneous
 H - a phantom mirror
 J - a box of beasts
Comestibles
 p - 12 rations


   Skills:
 + Level 9.7 Fighting
 + Level 7.1 Short Blades
 + Level 7.1 Long Blades
 + Level 7.1 Axes
 + Level 7.1 Maces & Flails
 + Level 7.1 Polearms
 + Level 7.1 Staves
 + Level 7.1 Slings
 + Level 7.1 Bows
 + Level 8.5 Crossbows
 + Level 7.1 Throwing
 + Level 9.7 Armour
 + Level 7.1 Dodging
 + Level 7.5 Stealth
 + Level 7.6 Shields
 + Level 7.1 Unarmed Combat
 + Level 7.1 Spellcasting
 + Level 5.9 Conjurations
 + Level 5.9 Hexes
 + Level 5.9 Charms
 + Level 5.9 Summonings
 + Level 5.9 Necromancy
 + Level 5.9 Translocations
 + Level 5.9 Transmutations
 + Level 5.9 Fire Magic
 + Level 5.9 Ice Magic
 + Level 5.9 Air Magic
 + Level 5.9 Earth Magic
 + Level 5.9 Poison Magic
 + Level 7.7 Invocations
 + Level 7.1 Evocations


You had 19 spell levels left.
You knew the following spells:

 Your Spells              Type           Power        Failure   Level  Hunger
a - Tukima's Dance        Hex            ####....     3%          3    ##.....
b - Vampiric Draining     Necr           ####......   3%          3    ##.....


Dungeon Overview and Level Annotations

Branches:
Dungeon (13/15)            Temple (0/1) D:6
   Lair: D:8-11         Orc: D:9-12      Vaults: D:13-14

Altars:
Dithmenos
Fedhas
Sif Muna
Trog
Vehumet
Xom
Yredelemnul

Shops:
D:10 [

Annotations:
D:12 Kirke


Innate Abilities, Weirdness & Mutations

Your experience applies equally to all skills.
You have very sharp teeth.
Your uncanny sense of smell can sniff out nearby items.
You are very clumsy. (Dex -4)
Your body sometimes deteriorates upon taking damage.
Your system is resistant to poisons. (rPois)
Your natural rate of healing is unusually fast.
Potions are less effective at restoring your health.


Message History

You see here 9 gold pieces.
You feel sick.
You start resting.
A wolf spider is nearby!
That item cannot be evoked!
That item cannot be evoked!
You see here 9 gold pieces.
You feel sick.
Unknown command.
Aiming: Polymorph
Press: ? - help, Shift-Dir - straight line, f - wolf spider
Aim: a wolf spider (lightly wounded, confused, chance to defeat MR: 67%)
The wolf spider evaporates and reforms as an eye of devastation!
Xom momentarily opens a gate.
You hit the eye of devastation.
The eye of devastation is lightly wounded.
The eye of devastation gazes at you. The bolt of energy hits you!
You die...
Xom cackles wildly!

* *** *############# **
,
,..,#}#55@5#..$.#**,***
* * , .,.
,#.#5G5#...#**∆, ,,,,
** ..#.
#.5#55#†.#**,,,**,** **
, ,#.Z.#...#[#.#**,, *
*, * * ,*,
..#....#%##*,,,** *,,,,
,, * **#.####.##*,,,**
* *** * **,
..#...)##*,,, * *,,,, ,
..#...##*,,,** , ,, *,
#.,#..##*,,, * * ***


You could see an eye of devastation, a friendly iron imp, 3 friendly quasits, a
friendly crimson imp, a friendly shadow imp and 2 friendly ufetubi.

Vanquished Creatures
  A very ugly thing (D:13)
  The ghost of buskinjo the Cruncher, a journeyman DrGl of Okawaru (D:13)
  An ogre mage (D:13)
  A hydra (D:10)
  3 two-headed ogres
  Pikel (D:5)
  The ghost of p0werm0de the Insei, a novice DsTm of Cheibriados (D:9)
  An ugly thing (D:13)
  Maurice (D:8)
  Joseph (D:8)
  Psyche (D:10)
  A troll (D:10)
  Grinder (D:5)
  A hippogriff (D:7)
  2 dream sheep (D:10)
  Sigmund (D:5)
  A shadow (D:12)
  A hog (D:12)
  2 yaks (D:10)
  4 vampire mosquitoes (D:9)
  Edmund (D:6)
  3 water moccasins
  An acid dragon (D:13)
  A sky beast (D:13)
  2 slaves (D:5)
  4 orc warriors
  4 phantoms
  A sky beast (shapeshifter) (D:5)
  3 ice beasts
  An ogre (D:5)
  12 centaurs
  A crocodile (D:5)
  4 big kobolds
  Blork the orc (D:5)
  2 bullfrogs
  A wyvern skeleton (D:7)
  A scorpion (D:6)
  4 wights (D:10)
  5 crimson imps
  A bullfrog zombie (D:9)
  A centaur zombie (D:9)
  A bullfrog skeleton (D:5)
  4 hounds
  5 orc priests
  A jelly (D:9)
  6 centaur skeletons
  2 iguanas
  5 orc wizards
  10 worker ants
  3 hound skeletons
  Robin (D:3)
  A worker ant zombie (D:8)
  7 adders
  8 gnolls
  7 shadow imps
  2 oozes
  2 worms
  4 leopard geckos
  47 orcs
  A ball python (D:1)
  10 bats
  3 giant cockroaches
  11 goblins
  9 hobgoblins
  26 jackals
  15 kobolds
  5 quokkas
  4 frilled lizards
  A leopard gecko skeleton (D:4)
  A leopard gecko zombie (D:5)
  A quokka skeleton (D:4)
  A quokka zombie (D:6)
  11 rats
  A butterfly (D:6)
297 creatures vanquished.

Vanquished Creatures (collateral kills)
  A cyclops (D:10)
  A black bear (D:10)
  A slave (D:5)
  An ogre (D:5)
  A worker ant (D:10)
5 creatures vanquished.

Grand Total: 302 creatures vanquished

Notes
Turn   | Place    | Note
-------+----------+-------------------------------------------
     0 | D:1      | Krilegs the Gnoll Wanderer began the quest for the Orb.
     0 | D:1      | Krilegs set off with: a +0 shield, a +0 hand crossbow, 24 bolts, a +0 ring mail, a ration
     0 | D:1      | Reached XP level 1. HP: 23/23 MP: 1/1
   123 | D:1      | Reached XP level 2. HP: 29/29 MP: 2/2
   453 | D:1      | Reached XP level 3. HP: 35/35 MP: 3/3
   829 | D:1      | Reached skill level 1 in Invocations
  1134 | D:1      | You fall through a shaft!
  1183 | D:2      | Reached skill level 1 in Short Blades
  1183 | D:2      | Reached skill level 1 in Long Blades
  1183 | D:2      | Reached skill level 1 in Axes
  1183 | D:2      | Reached skill level 1 in Maces & Flails
  1183 | D:2      | Reached skill level 1 in Polearms
  1183 | D:2      | Reached skill level 1 in Staves
  1183 | D:2      | Reached skill level 1 in Slings
  1183 | D:2      | Reached skill level 1 in Bows
  1183 | D:2      | Reached skill level 1 in Throwing
  1183 | D:2      | Reached skill level 1 in Dodging
  1183 | D:2      | Reached skill level 1 in Unarmed Combat
  1183 | D:2      | Reached skill level 1 in Spellcasting
  1183 | D:2      | Reached skill level 1 in Evocations
  1491 | D:2      | Reached XP level 4. HP: 41/41 MP: 5/5
  2295 | D:3      | Reached skill level 1 in Conjurations
  2295 | D:3      | Reached skill level 1 in Hexes
  2295 | D:3      | Reached skill level 1 in Charms
  2295 | D:3      | Reached skill level 1 in Summonings
  2295 | D:3      | Reached skill level 1 in Necromancy
  2295 | D:3      | Reached skill level 1 in Translocations
  2295 | D:3      | Reached skill level 1 in Transmutations
  2295 | D:3      | Reached skill level 1 in Fire Magic
  2295 | D:3      | Reached skill level 1 in Ice Magic
  2295 | D:3      | Reached skill level 1 in Air Magic
  2295 | D:3      | Reached skill level 1 in Earth Magic
  2295 | D:3      | Reached skill level 1 in Poison Magic
  2462 | D:3      | Reached XP level 5. HP: 47/47 MP: 6/6
  2790 | D:3      | Noticed Robin
  2808 | D:3      | Killed Robin
  3427 | D:4      | Reached XP level 6. HP: 49/53 MP: 5/8
  3570 | D:4      | Got a twisted long sword
  3588 | D:4      | Identified the +4 long sword of Extremism {vamp, *Slow rPois rF- MR+++} (You found it on level 4 of the Dungeon)
  3630 | D:4      | Found a shadowy altar of Dithmenos.
  3630 | D:4      | Found a bloodstained altar of Trog.
  3901 | D:5      | Entered Level 5 of the Dungeon
  3903 | D:5      | Noticed a phantom
  3924 | D:5      | Killed a phantom
  3924 | D:5      | Reached skill level 5 in Crossbows
  3975 | D:5      | Found a sacrificial altar of Ru.
  3975 | D:5      | Noticed a phantom
  3989 | D:5      | Killed a phantom
  3989 | D:5      | Reached XP level 7. HP: 55/59 MP: 8/10
  4023 | D:5      | Found a white marble altar of Elyvilon.
  4023 | D:5      | Found a radiant altar of Vehumet.
  4027 | D:5      | Found a white marble altar of Elyvilon.
  4027 | D:5      | Found a stormy altar of Qazlal.
  4027 | D:5      | Found a shimmering altar of Xom.
  4054 | D:5      | Became a worshipper of Xom of Chaos
  4082 | D:5      | Noticed Pikel
  4086 | D:5      | XOM: harmless Tmut miscast
  4087 | D:5      | XOM: 1-stop teleportation journey
  4088 | D:5      | Noticed Sigmund
  4093 | D:5      | Killed Sigmund
  4227 | D:5      | XOM: polymorph slave -> sky beast
  4232 | D:5      | XOM: harmless Air miscast
  4246 | D:5      | XOM: scenery: create altars
  4295 | D:5      | XOM: swap monsters
  4300 | D:5      | XOM: enchant monster (good)
  4319 | D:5      | XOM: swap monsters
  4320 | D:5      | XOM: cleaving
  4340 | D:5      | XOM: summons 1 friendly demon
  4365 | D:5      | HP: 2/60 [Pikel/whip of flaming (3)]
  4367 | D:5      | Killed Pikel
  4367 | D:5      | Reached XP level 8. HP: 2/67 MP: 0/12
  4369 | D:5      | Found a radiant altar of Vehumet.
  4512 | D:5      | XOM: torment (22/67 hp)
  4651 | D:5      | XOM: mild Air miscast
  5213 | D:5      | Noticed Grinder
  5216 | D:5      | XOM: potion effect (brilliance)
  5232 | D:5      | Killed Grinder
  5353 | D:5      | Noticed Blork the orc
  5358 | D:5      | XOM: cast spell 'Summon Small Mammal'
  5359 | D:5      | XOM: noise
  5364 | D:5      | Killed Blork the orc
  5364 | D:5      | Reached XP level 9. HP: 27/72 MP: 7/14
  5802 | D:6      | XOM: enchant monster (bad)
  5815 | D:6      | Found a staircase to the Ecumenical Temple.
  5869 | D:6      | XOM: confusion (+ monsters)
  5897 | D:6      | XOM: summons 2 hostile shadow creatures
  5954 | D:6      | XOM: mild Ice miscast
  6064 | D:6      | XOM: stat loss: -1 Int (14/15)
  6089 | D:6      | XOM: silly message
  6166 | D:6      | XOM: repel stairs
  6325 | D:6      | Noticed Edmund
  6335 | D:6      | XOM: confuse monster(s)
  6337 | D:6      | Killed Edmund
  6422 | D:6      | Gained mutation: You can translocate small distances at will. [potion of mutation]
  6422 | D:6      | Gained mutation: Your system is resistant to poisons. (rPois) [potion of mutation]
  6549 | D:6      | Reached skill level 5 in Shields
  6615 | D:6      | XOM: 2-stop teleportation journey
  6740 | D:7      | XOM: cloud trail
  6814 | D:7      | Reached skill level 5 in Stealth
  6884 | D:7      | XOM: 1-stop teleportation journey
  7023 | D:7      | XOM: blink monster(s)
  7026 | D:7      | Reached skill level 5 in Invocations
  7083 | D:7      | XOM: 2-stop teleportation journey
  7086 | D:7      | XOM: enchant monster (good)
  7094 | D:7      | Got a heavily runed leather armour
  7105 | D:7      | Identified the cursed +1 leather armour of the Stag {Slay+3} (You found it on level 7 of the Dungeon)
  7169 | D:7      | XOM: stat loss: -1 Int (16/17)
  7549 | D:7      | XOM: give mutations
  7549 | D:7      | Gained mutation: Your body sometimes deteriorates upon taking damage. [Xom's mischief]
  7549 | D:7      | Gained mutation: You are clumsy. (Dex -2) [Xom's mischief]
  7549 | D:7      | Gained mutation: Your natural rate of healing is unusually fast. [Xom's mischief]
  7549 | D:7      | Lost mutation: You can translocate small distances at will. [Xom's mischief]
  7589 | D:8      | Learned a level 3 spell: Tukima's Dance
  7589 | D:8      | Noticed a two-headed ogre
  7592 | D:8      | XOM: confuse monster(s)
  7594 | D:8      | XOM: noise
  7598 | D:8      | Killed a two-headed ogre
  7598 | D:8      | Reached XP level 10. HP: 80/80 MP: 17/17
  7633 | D:8      | Reached skill level 5 in Short Blades
  7633 | D:8      | Reached skill level 5 in Long Blades
  7633 | D:8      | Reached skill level 5 in Axes
  7633 | D:8      | Reached skill level 5 in Maces & Flails
  7633 | D:8      | Reached skill level 5 in Polearms
  7633 | D:8      | Reached skill level 5 in Staves
  7633 | D:8      | Reached skill level 5 in Slings
  7633 | D:8      | Reached skill level 5 in Bows
  7633 | D:8      | Reached skill level 5 in Throwing
  7633 | D:8      | Reached skill level 5 in Dodging
  7633 | D:8      | Reached skill level 5 in Unarmed Combat
  7633 | D:8      | Reached skill level 5 in Spellcasting
  7633 | D:8      | Reached skill level 5 in Evocations
  7808 | D:8      | Found a blossoming altar of Fedhas.
  7808 | D:8      | Found a deep blue altar of Sif Muna.
  7810 | D:8      | Found a basalt altar of Yredelemnul.
  7867 | D:8      | XOM: give mutations
  7867 | D:8      | Gained mutation: You are very clumsy. (Dex -4) [Xom's mischief]
  7867 | D:8      | Gained mutation: Potions are less effective at restoring your health. [Xom's mischief]
  7871 | D:8      | XOM: 4-stop teleportation journey
  7918 | D:8      | Found the +0 pair of fencer's gloves {+Riposte Dex+3}
  7981 | D:8      | XOM: harmless Ice miscast
  8000 | D:8      | Noticed Joseph
  8010 | D:8      | XOM: noise
  8017 | D:8      | Killed Joseph
  8454 | D:8      | Noticed Maurice
  8466 | D:8      | XOM: potion effect (brilliance)
  8491 | D:8      | Killed Maurice
  8574 | D:8      | XOM: harmless Conj miscast
  8703 | D:9      | Learned a level 3 spell: Vampiric Draining
  8927 | D:9      | Noticed p0werm0de's ghost (novice DsTm)
  8927 | D:9      | XOM: confusion
  8931 | D:9      | XOM: enchant monster (good)
  8942 | D:9      | XOM: mild Summ miscast
  8947 | D:9      | XOM: mild Tmut miscast
  8955 | D:9      | XOM: cast spell 'Cause Fear'
  9029 | D:9      | XOM: divination: magic mapping
  9276 | D:9      | Killed p0werm0de's ghost
  9276 | D:9      | Reached XP level 11. HP: 70/87 MP: 13/19
  9471 | D:10     | Entered Level 10 of the Dungeon
  9495 | D:10     | Noticed a cyclops
  9511 | D:10     | Killed a cyclops
  9558 | D:10     | XOM: scenery: 1 doors close
  9662 | D:10     | Found Lianasule's Antique Armour Boutique.
  9763 | D:10     | Noticed a two-headed ogre
  9778 | D:10     | Killed a two-headed ogre
  9779 | D:10     | XOM: enchant monster (good)
  9781 | D:10     | Reached skill level 5 in Conjurations
  9781 | D:10     | Reached skill level 5 in Hexes
  9781 | D:10     | Reached skill level 5 in Charms
  9781 | D:10     | Reached skill level 5 in Summonings
  9781 | D:10     | Reached skill level 5 in Necromancy
  9781 | D:10     | Reached skill level 5 in Translocations
  9781 | D:10     | Reached skill level 5 in Transmutations
  9781 | D:10     | Reached skill level 5 in Fire Magic
  9781 | D:10     | Reached skill level 5 in Ice Magic
  9781 | D:10     | Reached skill level 5 in Air Magic
  9781 | D:10     | Reached skill level 5 in Earth Magic
  9781 | D:10     | Reached skill level 5 in Poison Magic
  9985 | D:10     | Noticed Psyche
  9993 | D:10     | Killed Psyche
 10057 | D:10     | Noticed a three-headed hydra
 10067 | D:10     | Killed a three-headed hydra
 10248 | D:10     | XOM: cloud trail
 10291 | D:10     | XOM: god gift: 3 rations
 10437 | D:11     | XOM: god gift: 24 stones
 10486 | D:11     | XOM: scenery: create altars
 10544 | D:12     | XOM: fog
 10562 | D:12     | Noticed Kirke
 10570 | D:12     | XOM: swap monsters
 10579 | D:12     | XOM: cast spell 'Summon Small Mammal'
 10583 | D:12     | XOM: fog
 10591 | D:12     | Noticed a lindwurm
 10593 | D:13     | XOM: stealth player
 10684 | D:13     | Noticed buskinjo's ghost (journeyman DrGl)
 10704 | D:13     | XOM: potion effect (brilliance)
 10709 | D:13     | XOM: confusion (+ monsters)
 10716 | D:13     | XOM: noise
 10741 | D:13     | XOM: blink monster(s)
 10754 | D:13     | XOM: summons 5 hostile demons
 10757 | D:13     | Killed buskinjo's ghost
 10764 | D:13     | Noticed an ogre mage
 10774 | D:13     | XOM: harmless Erth miscast
 10775 | D:13     | XOM: confusion
 10781 | D:13     | Killed an ogre mage
 10781 | D:13     | Reached XP level 12. HP: 48/96 MP: 12/22
 10790 | D:13     | HP: 3/96 [poisoned by an orange demon]
 10791 | D:13     | HP: 1/96 [poisoned by an orange demon]
 10831 | D:13     | Noticed a two-headed ogre
 10831 | D:13     | Noticed a two-headed ogre
 10861 | D:13     | XOM: swap monsters
 10863 | D:13     | XOM: divination: magic mapping
 10876 | D:13     | Killed a two-headed ogre
 10876 | D:13     | XOM: 1-stop teleportation journey
 10877 | D:13     | Noticed a purple very ugly thing
 10891 | D:13     | Killed a purple very ugly thing
 10893 | D:13     | XOM: blink monster(s)
 10908 | D:13     | XOM: confusion (+ monsters)
 10932 | D:13     | XOM: summons 8 friendly demons
 10933 | D:13     | Blown up by an eye of devastation

Skill      XL: |  1  2  3  4  5  6  7  8  9 10 11 12 |
---------------+-------------------------------------+-----
Invocations    | 1 2 3 4 5 6 7 |  7.7
Short Blades   | 1 2 3 4 5 6 7 |  7.1
Long Blades    | 1 2 3 4 5 6 7 |  7.1
Axes           | 1 2 3 4 5 6 7 |  7.1
Maces & Flails | 1 2 3 4 5 6 7 |  7.1
Polearms       | 1 2 3 4 5 6 7 |  7.1
Staves         | 1 2 3 4 5 6 7 |  7.1
Slings         | 1 2 3 4 5 6 7 |  7.1
Bows           | 1 2 3 4 5 6 7 |  7.1
Throwing       | 1 2 3 4 5 6 7 |  7.1
Dodging        | 1 2 3 4 5 6 7 |  7.1
Unarmed Combat | 1 2 3 4 5 6 7 |  7.1
Spellcasting   | 1 2 3 4 5 6 7 |  7.1
Evocations     | 1 2 3 4 5 6 7 |  7.1
Conjurations   | 1 2 3 4 5 |  5.9
Hexes          | 1 2 3 4 5 |  5.9
Charms         | 1 2 3 4 5 |  5.9
Summonings     | 1 2 3 4 5 |  5.9
Necromancy     | 1 2 3 4 5 |  5.9
Translocations | 1 2 3 4 5 |  5.9
Transmutations | 1 2 3 4 5 |  5.9
Fire Magic     | 1 2 3 4 5 |  5.9
Ice Magic      | 1 2 3 4 5 |  5.9
Air Magic      | 1 2 3 4 5 |  5.9
Earth Magic    | 1 2 3 4 5 |  5.9
Poison Magic   | 1 2 3 4 5 |  5.9
Shields        | 3 4 5 6 7 |  7.6
Crossbows      | 5 6 7 8 |  8.5
Stealth        | 3 4 5 6 7 |  7.5
Fighting       | 7 8 9 |  9.7
Armour         | 7 8 9 |  9.7

Action                   |  1- 3 |  4- 6 |  7- 9 | 10-12 || total
-------------------------+-------+-------+-------+-------++-------
Melee: Unarmed           |    17 |    22 |       |     5 ||    44
       Bite              |     4 |     9 |    43 |    65 ||   121
       Hand crossbow     |     2 |       |       |       ||     2
       Falchion          |       |    57 |   145 |       ||   202
       Short sword       |       |       |   123 |   378 ||   501
 Fire: Hand crossbow     |   111 |   135 |   119 |    44 ||   409
 Cast: Tukima's Dance    |       |       |       |     1 ||     1
       Vampiric Draining |       |       |       |     4 ||     4
Evoke: Wand              |       |       |    17 |     1 ||    18
       Box of beasts     |       |       |       |     2 ||     2
  Use: Scroll            |     2 |     5 |     8 |     4 ||    19
       Potion            |     1 |     4 |     2 |     5 ||    12
 Stab: Sleeping          |       |     1 |       |     7 ||     8
       Confused          |       |       |     5 |     1 ||     6
       Petrified         |       |       |     3 |       ||     3
       Petrifying        |       |       |     1 |       ||     1
       Paralysed         |       |       |       |     2 ||     2
  Eat: Ration            |     1 |     1 |     3 |     3 ||     8
       Chunk             |       |     3 |     1 |       ||     4
Armor: Ring mail         |    37 |    47 |    84 |       ||   168
       Skin              |       |     6 |       |       ||     6
       Leather armour    |       |       |       |   116 ||   116
Dodge: Dodged            |    37 |    52 |   147 |   240 ||   476
Block: Shield            |    48 |    66 |   167 |   218 ||   499
       Rpst.: Falchion   |       |     7 |    30 |       ||    37
       Short sword       |       |       |       |    61 ||    61
       Hand crossbow     |       |       |       |     1 ||     1
